[Event "1000GM Summer GM-I 2024"]
[Site "San Jose"]
[Date "2024.07.05"]
[Round "4.1"]
[White "Sivakumar, Shaashwath"]
[Black "Arenas, David"]
[Result "0-1"]
[ECO "E04"]
[WhiteElo "2288"]
[BlackElo "2357"]
[Annotator "TA"]
[PlyCount "94"]
[EventDate "2024.07.03"]
[EventType "tourn"]
[EventCountry "USA"]
[SourceTitle "playchess.com"]
[Source "ChessBase"]
[SourceQuality "1"]
[TimeControl "5400+30"]

1. d4 Nf6 2. c4 e6 3. g3 d5 4. Nf3 dxc4 5. Bg2 a6 6. O-O Nc6 7. e3 Rb8 8. Nfd2 e5 9. Bxc6+ bxc6 10. dxe5 Nd5 {[%emt 0:00:08] Weiß steht etwas besser.} 11. Nxc4 (11. Qe2 $16) 11... Bh3 $11 12. Re1 Nb4 $1 {[%emt 0:00:03] [#] ...Qxd1 wäre nun fies.} 13. Qe2 {[%emt 1:10:10] Schwarz muss nun Rd1 beachten.} Qd3 14. Nba3 h5 (14... Rd8 $11 15. Bd2 Qxe2 16. Rxe2 Bg4) 15. f3 $14 Be6 16. e4 (16. Bd2 {vereinfacht} Qxe2 17. Rxe2 h4 18. g4) 16... h4 17. g4 h3 18. Be3 Qxe2 19. Rxe2 Nd3 (19... a5 $142) 20. Rd2 $16 Bxa3 21. Nxa3 Nxe5 22. Kf2 O-O 23. b3 a5 24. Rad1 (24. Bf4 $18 f6 25. Rc2) 24... Rfe8 (24... a4 $14) 25. Bc5 $2 (25. Bf4 $18 Ng6 26. Bxc7) 25... a4 26. b4 f6 27. Nb1 g5 28. Nc3 a3 29. Nb1 Nc4 30. Rc2 Red8 31. Rxd8+ Rxd8 32. Be7 $2 (32. Ke2 $11) 32... Rd1 $17 33. Nc3 Rh1 {[%emt 0:01:01] Schwarz steht aktiver.} 34. Kg3 (34. Ne2 $17 {ist eine bessere Verteidigung.}) 34... Rg1+ $19 35. Kxh3 {[%emt 0:00:08][%cal Oc3e2] [#]} Ne3 $1 36. Bc5 Bc4 (36... Nxc2 37. Bxg1 Nxb4 38. Bc5 Nxa2 39. Ne2 $16 (39. Nxa2 Bxa2 40. Kg2 Kf7 $16)) 37. Ne2 Nxc2 38. Nxg1 Bxa2 {[%emt 0:00:03][%mdl 4096] Endspiel. KBN-KBN} 39. Ne2 Bc4 40. Nd4 (40. Nc3) 40... Ne1 {[%emt 0:00:27] Zielt auf ...a2 ab. Schwarz steht klar auf Gewinn.} 41. Nxc6 Nxf3 {[%emt 0:00:21] ( -> ...a2)} 42. Nd4 Nd2 43. Nc2 Nxe4 44. Kg2 {[%emt 0:00:56] Es drohte Bf1+} Nxc5 45. bxc5 a2 46. Kf3 Bb3 47. Na1 Bd1+ {[%emt 0:00:03] Nie zu früh aufgeben!   Gewichteter Fehlerwert: Weiß=0.54/Schwarz=0.13 (sehr präzise) .  Gewinn verpasst:   	Weiß=1     	---        Fehler:       	Weiß=5     	Schwarz=4     Ungenau:       	Weiß=3     	Schwarz=2     OK:         	Weiß=10    	Schwarz=12    Bester:       	Weiß=8     	Schwarz=6     Stark:        	---       	Schwarz=2} 0-1

[Event "1000GM Summer GM-I 2024"]
[Site "San Jose"]
[Date "2024.07.05"]
[Round "4.2"]
[White "Gumularz, Szymon"]
[Black "Lu, Maximillian"]
[Result "1/2-1/2"]
[ECO "A17"]
[WhiteElo "2587"]
[BlackElo "2380"]
[Annotator "RC"]
[PlyCount "101"]
[EventDate "2024.07.03"]
[EventType "tourn"]
[EventCountry "USA"]
[SourceTitle "playchess.com"]
[Source "ChessBase"]
[SourceQuality "1"]
[TimeControl "5400+30"]

1. Nf3 d5 2. e3 Nf6 3. c4 e6 4. Nc3 b6 5. b3 Bb7 6. Bb2 Nbd7 7. cxd5 exd5 8. Rc1 a6 9. Ne2 Rc8 10. g3 Nc5 11. d3 Ne6 12. a3 Bd6 13. Bh3 c5 14. O-O O-O 15. Bg2 Re8 16. d4 Ne4 17. dxc5 bxc5 18. Nd2 N6g5 19. Nc3 Nxc3 20. Bxc3 Bc6 21. Bb2 Bf8 22. h4 Ne4 23. Nxe4 dxe4 24. Qxd8 Rexd8 25. Rfd1 a5 26. Rxd8 Rxd8 27. b4 axb4 28. axb4 Rb8 29. Ba3 cxb4 30. Bxb4 Bd5 31. Bxf8 Kxf8 32. Rd1 Rb5 33. g4 Be6 34. g5 f6 35. gxf6 gxf6 36. Kh2 f5 37. Rd6 Ke7 38. Ra6 Rb7 39. Kg3 Kf6 40. Bh3 Rb2 41. Rc6 Rd2 42. Bf1 Ke5 43. Bc4 Bxc4 44. Rxc4 h6 45. Rc8 Rd6 46. h5 Rd2 47. Re8+ Kf6 48. Rg8 Ke5 49. Kg2 Rd6 50. Rh8 Rf6 51. Kg3 1/2-1/2

[Event "1000GM Summer GM-I 2024"]
[Site "San Jose"]
[Date "2024.07.05"]
[Round "4.3"]
[White "Grigoryan, Karen"]
[Black "Sripada, Havish"]
[Result "1-0"]
[ECO "A06"]
[WhiteElo "2573"]
[BlackElo "2290"]
[Annotator "TA"]
[PlyCount "85"]
[EventDate "2024.07.03"]
[EventType "tourn"]
[EventCountry "USA"]
[SourceTitle "playchess.com"]
[Source "ChessBase"]
[SourceQuality "1"]
[TimeControl "5400+30"]

1. Nf3 d5 2. g3 Nf6 3. Bg2 e6 4. O-O Be7 5. b3 O-O 6. Bb2 c5 7. e3 b6 8. c4 Ba6 9. Ne5 {[%emt 0:03:40] The position is equal.} Bd6 10. f4 Nbd7 11. Nxd7 Nxd7 12. Nc3 Be7 13. d3 Nf6 14. Qf3 Bb7 15. e4 (15. g4 $14) 15... d4 $11 16. Ne2 Nd7 17. g4 e5 18. f5 Bg5 19. Bc1 a5 20. a3 Bc6 21. a4 Bxc1 22. Raxc1 f6 23. h4 Rf7 24. Qg3 Nf8 25. g5 Qc7 (25... Kh8 $11 {remains equal.}) 26. Kh2 Kh8 27. Bh3 (27. g6 $16 Re7 28. gxh7) 27... Qd6 28. Ng1 Re7 29. Nf3 Be8 30. Rg1 $36 {[%emt 0:00:32][%mdl 2048] White is in control.} Bh5 {[%emt 0:01:30] [#]} 31. Bg4 $1 Bxg4 (31... Bf7 $14) 32. Qxg4 $16 Nd7 33. Rg3 Qb8 34. Rcg1 {[%emt 0:00:09] White is more active.} Qf8 {[%emt 0:00:15] [#]} (34... Qd6 $16 35. Kh1 Rg8) 35. Qh3 $1 $18 Ra7 $2 (35... Rc8 {is a better defense.} 36. Kh1 Qd8) 36. h5 {[%emt 0:00:18] Black must now prevent Nh4.} Qe8 (36... fxg5 $142 37. Nxg5 Qf6) 37. h6 gxh6 38. Qxh6 Rf7 39. Nh4 {[%emt 0:00:41] White mates.} Rg7 40. gxf6 Rxg3 41. Rxg3 Nf8 {[%emt 0:10:07] Black is weak on the light squares} 42. Rg7 b5 43. Rxa7 {[%emt 0:00:10] Weighted Error Value: White=0.10 (very precise) /Black=0.35.  Mistake:       	White=2     	Black=5      Inaccurate:     	White=1     	Black=5      OK:         	White=14    	Black=4      Best:        	White=2     	Black=1      Strong:       	White=1     	---} 1-0

[Event "1000GM Summer GM-I 2024"]
[Site "San Jose"]
[Date "2024.07.05"]
[Round "4.4"]
[White "Shivakumar, Shawnak"]
[Black "Martinez, Martin"]
[Result "1/2-1/2"]
[ECO "E62"]
[WhiteElo "2315"]
[BlackElo "2390"]
[Annotator "TA"]
[PlyCount "160"]
[EventDate "2024.07.03"]
[EventType "tourn"]
[EventCountry "USA"]
[SourceTitle "playchess.com"]
[Source "ChessBase"]
[SourceQuality "1"]
[TimeControl "5400+30"]

1. d4 Nf6 2. Nf3 g6 3. c4 Bg7 4. g3 O-O 5. Bg2 d6 6. O-O c6 7. Nc3 a6 8. e4 b5 9. e5 Ne8 10. Qe2 bxc4 {[%emt 0:28:15] E62: King's Indian: Fianchetto: 6...c6 and Panno Variation (6...Nc6) without ...a6.} 11. Qxc4 d5 12. Qa4 Nc7 13. Be3 Ne6 $146 ({Predecessor:} 13... Nb5 14. Rac1 Nd7 15. Qc2 Nb6 16. b3 a5 17. Rfe1 Bf5 18. Qd2 a4 19. Nxb5 cxb5 {1-0 Lempert,I-Kozlov,V Goldberg Memorial 1990 (3)}) 14. Rac1 Bb7 15. Qb3 Ra7 16. Bh3 c5 17. Na4 c4 18. Qb6 Qxb6 19. Nxb6 Bc6 20. b3 Rb7 21. Na4 Bxa4 22. bxa4 Nd7 23. Bxe6 fxe6 24. Ng5 Rb6 25. Rb1 Rfb8 26. Rxb6 Rxb6 27. a5 Rb5 28. Nxe6 Rxa5 29. Rb1 Rb5 30. Rxb5 axb5 31. Nc7 Nb6 32. Nxb5 e6 33. Kf1 Kf7 34. Ke2 Ke7 35. Kd2 Kd7 36. Nc3 Bf8 37. g4 Bb4 38. Kc2 Bxc3 39. Kxc3 Na4+ 40. Kc2 Ke7 41. Bd2 Kf7 42. Kd1 Kg7 43. Ke2 Kf7 44. a3 Ke7 45. Ke3 Kf7 46. Kf4 Ke7 47. Ke3 Kf7 48. Kf4 Ke7 $1 49. h3 Kf7 50. h4 Nb2 51. f3 Na4 52. h5 (52. Bb4 $16) 52... Kg7 (52... c3 $11 53. Bc1 gxh5 54. gxh5 Kg7) 53. hxg6 Kxg6 54. Ke3 h5 55. gxh5+ Kxh5 56. Kf4 Nb2 57. Bc3 Nd1 58. Bd2 c3 59. Bc1 c2 60. a4 Nc3 61. Ke3 Nxa4 62. Kd3 Kh4 63. Kxc2 Kg3 64. f4 (64. Kb3 $5 Nb6 $8 65. f4 $11) 64... Kg4 65. Kb3 Nb6 66. Kb4 Kf5 67. Kb5 Nc4 68. Kc6 Na5+ 69. Kd7 Nc4 70. Ke7 Na5 71. Kd7 Nb3 72. Bb2 Nd2 73. Bc1 Nf1 74. Ke7 Ng3 75. Kd7 Nh5 76. Ke7 Ng7 77. Kf7 Nh5 78. Ke7 (78. Bd2 $5) 78... Ng7 79. Kf7 Nh5 80. Ke7 Ng7 1/2-1/2

[Event "1000GM Summer GM-I 2024"]
[Site "San Jose"]
[Date "2024.07.05"]
[Round "4.5"]
[White "Levine, Joseph"]
[Black "Sivakumar, Shaaketh"]
[Result "1-0"]
[ECO "B10"]
[WhiteElo "2364"]
[BlackElo "2369"]
[Annotator "TA"]
[PlyCount "95"]
[EventDate "2024.07.03"]
[EventType "tourn"]
[EventCountry "USA"]
[SourceTitle "playchess.com"]
[Source "ChessBase"]
[SourceQuality "1"]
[TimeControl "5400+30"]

1. e4 c6 2. Nf3 d5 3. d3 Qc7 4. Nc3 dxe4 5. dxe4 e5 6. Bc4 {[%emt 0:00:35] B10: Caro-Kann: 2 d3 and 2 c4.} b5 {[%emt 0:00:10] The main line 6...b5 scores better than 6...h6.} 7. Bb3 h6 8. a4 b4 9. Nb5 cxb5 10. Bd5 Bb7 11. Nxe5 Bxd5 12. Qxd5 Bd6 $146 ({Predecessor:} 12... Nf6 13. Qxa8 Qxe5 14. Be3 Bd6 15. Rd1 O-O 16. Bd4 Qe6 17. Bxf6 Qxf6 18. axb5 Bc5 {0-1 Ongut,T (2281)-Berczes,D (2446) HUN-chT 2223 2022 (2.3)}) 13. Qxa8 Bxe5 14. O-O (14. axb5 $11 {remains equal.} Nf6 15. Qxa7 (15. Rxa7 $2 Qc4 $19) 15... Qxc2 16. O-O) 14... bxa4 15. Rxa4 Nf6 (15... Ne7 $1 $15 16. Qxa7 (16. Rxb4 O-O $17) (16. Rxa7 Qxc2 17. Qb7 O-O $15) 16... Bxh2+ 17. Kh1 Qc4) 16. Qxa7 $11 Qxc2 (16... Bxh2+ $11 17. Kh1 Nc6 18. Qxc7 Bxc7) 17. Rxb4 (17. Ra5 $14 Qc7 (17... Qxe4 18. Qc5 $16) 18. Qxc7 Bxc7 19. Rc5) 17... O-O $11 (17... Nxe4 $2 18. Rxb8+ Bxb8 19. Qxb8+ Ke7 20. Qxh8 $18) 18. Qa4 Rc8 19. Be3 Ng4 (19... Bxb2 $2 20. Qxc2 Rxc2 21. Rxb8+ $18) 20. Ba7 (20. Qxc2 Rxc2 21. g3 Nc6 $17 (21... Rxb2 22. Rxb2 Bxb2 23. Bc5 $11)) 20... Bxh2+ (20... Nxh2 21. Qxc2 Rxc2 22. Bxb8 $16 (22. Rxb8+ $2 Bxb8 23. Bxb8 Nxf1 $19)) 21. Kh1 Qc7 22. e5 Nxe5 (22... h5 $11 {keeps the balance.} 23. Bxb8 (23. Rxg4 hxg4 24. Bxb8 Qxb8 $11) 23... Rxb8 24. Rxg4 hxg4 25. Kxh2 Qxe5+ (25... Rxb2 26. Qe4 $17) 26. g3 Rxb2) 23. Bxb8 (23. Kxh2 $2 Nf3+ (23... Nd3+ $2 24. Kg1 $19) 24. Kh3 Qh2+ 25. Kg4 Qxg2+ 26. Kf4 Nd2 $19 (26... Qxf1 $2 27. Rxb8 Rxb8 28. Bxb8 $19)) 23... Rxb8 24. Rxb8+ (24. Kxh2 $2 Nf3+ 25. Kh3 Qh2+ 26. Kg4 Ne5+ (26... Qxg2+ $2 27. Kf4 $19) (26... Rxb4+ $2 27. Qxb4 Ne5+ 28. Kf5 $19) 27. Kf5 Qh5+ 28. Kf4 Rxb4+ 29. Qxb4 Nd3+ 30. Ke4 Nxb4 $19) 24... Qxb8 {[%emt 0:00:01] [#]} 25. Qh4 $1 (25. Kxh2 $2 {too greedy.} Nf3+ (25... Qxb2 26. Qa8+ Kh7 27. Qe4+ Ng6 28. Qf5 $18) (25... Ng4+ 26. Kh3 $15) 26. Kh3 Qh2+ 27. Kg4 Qxg2+ (27... Qh4+ $2 28. Kxf3 Qxa4 29. Kg3 $19) 28. Kf4 Nd2 $19 (28... Qxf1 29. Kxf3 Qd3+ 30. Kg2 $15)) (25. Re1 g5 $11) 25... Qxb2 26. Kxh2 Qe2 27. Kg1 Nd3 28. Qc4 g6 29. Qd4 Ne1 (29... Ne5 $142) 30. Qd8+ Kg7 31. Qd4+ Kg8 $1 32. Qd8+ Kg7 $1 33. Qa8 Qe5 34. Qa3 h5 $2 {[%emt 0:00:47][%mdl 8192] [#]} (34... Nc2 $16 {is tougher.} 35. Qc1 Nd4) 35. Qb3 $1 $18 Kg8 (35... Kh7 $142 36. Qxf7+ Kh6) 36. Qd1 $18 Nxg2 37. Qd8+ ({Not} 37. Kxg2 Qg5+ 38. Kh3 Qf5+ 39. Kh2 Qf4+ 40. Kh1 Qh4+ 41. Kg2 Qg5+ 42. Kh3 Qf5+ 43. Kg3 Qg5+ 44. Kh2 Qh4+ 45. Kg2 Qg5+ $11) 37... Kh7 38. Kxg2 Qe4+ 39. f3 Qf4 40. Rh1 Qe3 41. Qf6 Kg8 42. Ra1 Qd2+ 43. Kg3 Qd5 44. Re1 Qb5 45. Re7 Qb8+ 46. Qe5 h4+ 47. Kxh4 Qb4+ 48. Kg3 1-0